 Dungeon Crawl Stone Soup version 0.31.0-32-g396128a36d (webtiles) character file.

Game seed: 3924487010087205457

5362 GiantSquids the Severer (level 10, -6/124 HPs)
             Began as a Hill Orc Fighter on Apr 17, 2024.
             Was a High Priest of Trog.
             Mangled by an orc knight
             ... wielding a +0 glaive
              (25 damage)
             ... in a bailey.
             The game lasted 00:27:19 (9910 turns).

GiantSquids the Severer (Hill Orc Fighter)          Turns: 9910, Time: 00:27:20

Health: -6/124     AC: 11    Str: 24    XL:     10   Next: 65%
Magic:  10/10      EV: 10    Int:  8    God:    Trog [*****.]
Gold:   401        SH:  0    Dex: 10    Spells: 9/9 levels left

rFire   + . .        f - +3 executioner's axe (elec)
rCold   + + .        (shield currently unavailable)
rNeg    . . .        b - +0 scale mail
rPois   .            (no helmet)
rElec   .            K - scarf {rC+ rF+}
rCorr   .            (no gloves)
SInv    .            (no boots)
Will    .....        s - amulet of faith Stlth
                     j - +4 ring of protection
HPRegen 0.40/turn    v - ring of protection from cold
MPRegen 0.12/turn

%: faith
@: berserking, very quick
A: no striking features
a: Renounce Religion, Berserk, Trog's Hand, Brothers in Arms


You were in a bailey.
You worshipped Trog.
Trog was extremely pleased with you.
You visited 1 branch of the dungeon, and saw 9 of its levels.
You also visited: Bailey.

You collected 515 gold pieces.
You spent 114 gold pieces at shops.

Inventory:

Hand Weapons
 f - a +3 executioner's axe of electrocution (weapon)
Missiles
 L - 7 poisoned darts (quivered)
Armour
 b - a +0 scale mail (worn)
 B - a +2 cloak
 K - a scarf of resistance (worn)
Jewellery
 j - a +4 ring of protection (left hand)
 s - an amulet of faith (around neck)
 v - a ring of protection from cold (right hand)
 A - an amulet of reflection
 E - an amulet of guardian spirit
 G - an amulet of regeneration
 H - a ring of protection from fire
Wands
 u - a wand of digging (6)
 y - a wand of charming (13)
 D - a wand of mindburst (14)
 J - a wand of flame (18)
Scrolls
 g - 2 scrolls of teleportation
 h - a scroll of fog
 i - 2 scrolls of noise
 k - 2 scrolls of amnesia {unknown}
 l - a scroll of vulnerability {unknown}
 m - 2 scrolls of identify
 n - a scroll of immolation {unknown}
 z - a scroll of blinking {unknown}
 F - a scroll of brand weapon
 N - a scroll of torment {unknown}
Potions
 d - a potion of might
 e - a potion of cancellation
 o - a potion of invisibility {unknown}
 p - 2 potions of heal wounds
 q - a potion of attraction {unknown}
 r - a potion of enlightenment {unknown}
 t - 2 potions of ambrosia
 w - a potion of haste {unknown}
 x - 2 potions of curing
 I - a potion of mutation {unknown}
 M - a potion of magic {unknown}


   Skills:
 - Level 6.0 Fighting
 * Level 18.1 Axes
 - Level 6.0 Armour
 - Level 3.2 Shields


You had 9 spell levels left.
You didn't know any spells.
Your spell library was empty.

Dungeon Overview and Level Annotations

Branches:
Dungeon (9/15)             Temple (0/1) D:4            Lair (0/5) D:9
 Bailey (1/1)
    Orc: D:9-12

Altars:
Cheibriados
Fedhas
Hepliaklqana
Kikubaaqudgha
Okawaru
Ru
Sif Muna
Trog
Vehumet
Wu Jian
The Shining One

Shops:
D:6 ?[*   D:7 :*

Annotations:
D:5 1 exclusion, Blork the orc
D:7 1 runed translucent door, CardinalSin's ghost, novice DsNe


Message History

The orc warrior closely misses you. The orc knight closely misses you.
The orc warrior closely misses you. The orc knight barely misses you.
There is an open door here.
You slash the orc warrior!
The orc warrior is heavily wounded.
You barely miss the orc knight. You barely miss the orc warrior.
The orc warrior hits you with a +0 trident!
The orc knight barely misses you. The orc warrior barely misses you.
The orc knight misses you.
You slice the orc warrior!!
You kill the orc warrior!
Trog accepts your kill.
You hit the orc knight. You closely miss the orc warrior.
The orc warrior barely misses you. The orc knight closely misses you.
The orc knight hits you with a +0 halberd.
Things that are here:
a +0 trident; a +0 chain mail; an orc corpse You hit the orc knight.
Lightning courses through the orc knight!
The orc knight is moderately wounded.
You closely miss the orc knight. You slice the orc warrior!!
You kill the orc warrior!
Trog accepts your kill. The orc knight misses you.
The orc knight closely misses you.
You slash the orc knight!
Lightning courses through the orc knight!
The orc knight is moderately wounded.
You slash the orc knight! You slash the orc knight!
The orc knight is heavily wounded.
You barely miss the orc knight.
The orc knight hits you with a +0 glaive!!
The orc knight hits you with a +0 halberd!!!
* * * LOW HITPOINT WARNING * * *
Unknown command.
You completely miss the orc knight.
The orc knight is heavily wounded.
You hit the orc knight but do no damage.
The orc knight hits you with a +0 glaive!!
You die...

..≈#.)))...................).#≈..
..≈##.∩#≈...............≈#∩)##≈..
#.##≈....#######....≈##)#≈≈..
≈≈.≈≈≈....##....##...≈≈≈.≈≈...
............##.....##...........
.............##'''#..##..........
.........##..##∩)∩##..#..........
.........##.####'####.##.........
.........##.')#)@o#.'.##.........
.........##.###.o.###.##.........
.........##.')#).?#)'.##.........
.........##.#########.##.........
..........#..##.#)##..#..........
..........##..#'#'#..##..........
.....).....##.......##...........
...≈≈.≈≈≈...#########...≈≈≈.≈≈...
..≈≈#)##≈......###......≈##.#≈≈..


You could see 2 orc knights.

Vanquished Creatures
  7 yaks
  Eustachio (D:6)
  2 steam dragons
  3 water moccasins
  Duvessa (D:5)
  An acid dragon (D:8)
  2 black bears
  9 orc warriors
  2 ogres
  2 phantoms
  2 centaurs
  A kobold brigand (D:8)
  2 bullfrogs
  A gnoll sergeant (D:5)
  7 scorpions
  Dowan (D:5)
  5 killer bees (D:9)
  A crimson imp (D:3)
  4 hounds
  3 gnoll boudas
  5 orc priests
  2 jellies (D:5)
  An iguana (D:4)
  6 orc wizards
  19 gnolls
  5 adders
  3 dart slugs
  3 ribbon worms
  44 orcs
  4 ball pythons
  3 endoplasms
  2 giant cockroaches
  10 goblins
  11 hobgoblins
  5 jackals
  14 kobolds
  2 quokkas
  7 bats
  3 frilled lizards
  2 goblin skeletons (D:3)
  2 goblin zombies (D:3)
  A hobgoblin zombie (D:3)
  2 orc zombies (D:3)
  8 rats
221 creatures vanquished.

Notes
Turn   | Place    | Note
-------+----------+-------------------------------------------
     0 | D:1      | GiantSquids the Hill Orc Fighter began the quest for the
                  | Orb.
     0 | D:1      | Reached XP level 1. HP: 19/19 MP: 1/1
   123 | D:1      | Reached skill level 3 in Axes
   125 | D:1      | Reached XP level 2. HP: 18/27 MP: 2/2
   522 | D:1      | Reached XP level 3. HP: 33/33 MP: 3/3
   786 | D:2      | Found a faded altar of an unknown god.
   801 | D:2      | Prayed at the altar of an unknown god.
   801 | D:2      | Became a worshipper of Trog the Wrathful
   801 | D:2      | Reached * piety under Trog
   890 | D:2      | Reached skill level 4 in Axes
  1338 | D:2      | Reached XP level 4. HP: 39/40 MP: 4/4
  1648 | D:2      | Reached skill level 5 in Axes
  1882 | D:3      | Noticed a scorpion
  1896 | D:3      | Killed a scorpion
  1897 | D:3      | Reached XP level 5. HP: 46/47 MP: 5/5
  2193 | D:3      | Reached skill level 6 in Axes
  2193 | D:3      | Found a glowing golden altar of the Shining One.
  2299 | D:3      | Reached ** piety under Trog
  2308 | D:3      | Reached XP level 6. HP: 53/53 MP: 6/6
  2524 | D:3      | Found a hazy altar of Hepliaklqana.
  2804 | D:4      | Reached skill level 7 in Axes
  3845 | D:4      | Found a staircase to the Ecumenical Temple.
  3890 | D:5      | Entered Level 5 of the Dungeon
  3923 | D:5      | Found an ancient bone altar of Kikubaaqudgha.
  3924 | D:5      | Found a blossoming altar of Fedhas.
  3933 | D:5      | Reached skill level 5 in Fighting
  3987 | D:5      | Reached XP level 7. HP: 61/61 MP: 7/7
  3994 | D:5      | Noticed Dowan
  4016 | D:6      | Found Elotih's Armour Boutique.
  4023 | D:5      | Killed Dowan
  4024 | D:5      | Reached skill level 8 in Axes
  4033 | D:5      | HP: 3/61 [poisoned by a gnoll sergeant]
  4118 | D:5      | Noticed Duvessa
  4265 | D:5      | Noticed Blork the orc
  4391 | D:5      | Reached skill level 5 in Armour
  4558 | D:5      | Reached skill level 9 in Axes
  4848 | D:5      | Killed Duvessa
  4849 | D:5      | Reached XP level 8. HP: 32/69 MP: 8/8
  4976 | D:5      | Found a shimmering blue altar of Sif Muna.
  5118 | D:5      | Found an iron altar of Okawaru.
  5127 | D:5      | Reached *** piety under Trog
  5238 | D:5      | Reached skill level 10 in Axes
  5252 | D:5      | Found an ornate altar of the Wu Jian Council.
  5271 | D:5      | Found a snail-covered altar of Cheibriados.
  5483 | D:5      | Identified the +1 robe "Kenkeil" {Str-4 Int+6 SInv
                  | Archmagi}
  5811 | D:6      | Reached skill level 11 in Axes
  5817 | D:6      | Found Xaxin's Assorted Antiques.
  5985 | D:6      | Noticed Eustachio
  6005 | D:6      | Reached skill level 12 in Axes
  6008 | D:6      | Killed Eustachio
  6009 | D:6      | Reached XP level 9. HP: 75/75 MP: 9/9
  6169 | D:6      | Reached skill level 13 in Axes
  6361 | D:6      | Found a bloodstained altar of Trog.
  6396 | D:6      | Reached **** piety under Trog
  6414 | D:6      | Found Uxtuan's Magic Scroll Boutique.
  6419 | D:6      | Bought a scroll of brand weapon for 114 gold pieces
  6614 | D:7      | Found Qegeq's Assorted Antiques.
  6709 | D:6      | Reached skill level 14 in Axes
  6792 | D:7      | Found a sacrificial altar of Ru.
  7000 | D:7      | Found Cousu's Book Shoppe.
  7103 | D:7      | Reached skill level 15 in Axes
  7143 | D:7      | Found a radiant altar of Vehumet.
  7268 | D:7      | Found a runed translucent door.
  7271 | D:7      | Noticed CardinalSin's ghost (novice DsNe)
  7677 | D:7      | Reached XP level 10. HP: 82/83 MP: 10/10
  7952 | D:8      | Reached skill level 16 in Axes
  9172 | D:9      | Found a flagged portal.
  9289 | D:9      | Reached skill level 17 in Axes
  9458 | Bailey   | Entered a bailey
  9482 | Bailey   | Reached ***** piety under Trog
  9806 | Bailey   | Reached skill level 18 in Axes
  9901 | Bailey   | Found a roughly hewn altar of Beogh.
  9901 | Bailey   | Noticed an orc knight
  9901 | Bailey   | Noticed an orc knight
  9910 | Bailey   | Mangled by an orc knight

Illustrated notes

Levels and vault maps discovered:
D:1:      dpeg_arrival_long_road, layout_basic, st_stairs_3, minmay_ruptured
D:2:      layout_basic, dreamdust_ecumenical_altar_statues
D:3:      layout_basic, nicolae_tso_besieged_by_evil,
          nicolae_hepliaklqana_hazy_memory
D:4:      layout_loops_corners, temple_hall_moat
D:5:      layout_loops_ring, grunt_temple_overflow_growth_and_decay, tgw_sif,
          okawaru_metal_pillars_1_2, mainiacjoe_overflow_large_starburst,
          uniq_duvessa
D:6:      layout_cave_pools, trog_hazing_becter, serial_shops,
          nicolae_shop_hallway_stairs, shop, shop, uniq_eustachio,
          uniq_blork_the_orc
D:7:      layout_loops_ring, vehumet_altar_wand_db,
          mainiacjoe_overflow_concentric_impassable, gammafunk_ghost_grave,
          serial_shops, shop, nicolae_diamond_shop
D:8:      layout_loops_corners
D:9:      layout_basic, lair_entry_dummy, enter_bailey_3,
          roadster_capsule_ark_zombie
Bailey:   bailey_polearm_2, bailey

Skill      XL: |  1  2  3  4  5  6  7  8  9 10 |
---------------+-------------------------------+-----
Axes           | 3 4 5 6 7 9 12 15 18 | 18.1
Fighting       | 4 5 6 |  6.0
Armour         | 4 5 6 |  6.0
Shields        | |  3.2

Action                     |  1- 3 |  4- 6 |  7- 9 | 10-12 || total
---------------------------+-------+-------+-------+-------++-------
  Melee: War axe           |   101 |   212 |   308 |   199 ||   820
         Executioner's axe |       |       |       |     6 ||     6
  Throw: Dart              |       |       |     3 |       ||     3
 Invoke: Berserk           |       |     1 |     5 |     2 ||     8
    Use: Scroll            |       |       |     5 |     4 ||     9
         Potion            |       |       |     2 |       ||     2
 Armour: Scale mail        |    73 |   131 |   235 |   146 ||   585
  Dodge: Dodged            |    50 |    83 |   122 |    95 ||   350
  Block: Buckler           |    17 |    39 |    62 |    44 ||   162
